[Event "Titled Tuesday Blitz June 20 Late 2023"]
[White "Paulsen, Dirk"]
[Black "Makridis, Dimitrios"]
[WhiteFideId "4601343"]
[BlackFideId "25864475"]
[WhiteElo "2339"]
[BlackElo "2277"]
[Result "0-1"]
[Round "2"]
[TimeControl "180+2"]
[Date "2023.06.20"]
[WhiteClock "0:00:00"]
[BlackClock "0:00:15"]
[Board "70"]

1. d4 Nf6 2. c4 e6 3. Nf3 Bb4+ 4. Bd2 c5 5. Bxb4 cxb4 6. a3 bxa3 7. Rxa3 O-O 8. Nc3 d5 9. c5 b6 10. b4 a5 11. e3 Bb7 12. b5 Qe7 13. Na4 Nbd7 14. Qc1 Ne4 15. c6 Qb4+ 16. Nc3 Rac8 17. Bd3 Bxc6 18. bxc6 Rxc6 19. Bxe4 dxe4 20. Nd2 Rfc8 21. Ndb1 b5 22. O-O Qe7 23. Rxa5 b4 24. d5 Rc4 25. d6 Qxd6 26. Qd1 Qc7 27. Nd5 exd5 28. Rxd5 Nf6 29. Rd4 h6 30. Rxc4 Qxc4 31. Nd2 Qd3 32. Nb3 Rc3 33. Nd4 Qxd1 34. Rxd1 b3 35. Ne2 Rc2 36. Nd4 Rc3 37. Ne2 Rc4 38. Rb1 Rb4 39. Rb2 Nd7 40. Nd4 Nc5 41. Kf1 Na4 42. Rxb3 Rc4 43. h3 Rc1+ 44. Ke2 Kh7 0-1


[Site "https://www.chess.com"]

[Event "Titled Tuesday Blitz June 20 Late 2023"]
[White "Cuenca Jimenez, Jose Fernando"]
[Black "Rangel, Daniel"]
[WhiteFideId "2255570"]
[BlackFideId "2124475"]
[WhiteElo "2418"]
[BlackElo "2231"]
[Result "1-0"]
[Round "2"]
[TimeControl "180+2"]
[Date "2023.06.20"]
[WhiteClock "0:00:37"]
[BlackClock "0:00:09"]
[Board "71"]

1. c4 Nf6 2. Nc3 e6 3. Nf3 d5 4. d4 Be7 5. Bg5 O-O 6. e3 c6 7. Qb3 Nbd7 8. Bd3 dxc4 9. Qxc4 Nd5 10. Bxe7 Qxe7 11. O-O N5b6 12. Qb3 e5 13. Rfe1 g6 14. a4 Rb8 15. a5 Na8 16. e4 exd4 17. Nxd4 Nc7 18. Bf1 Ne6 19. Nxe6 Qxe6 20. Qxe6 fxe6 21. Rad1 Kf7 22. f4 Ke7 23. g3 b6 24. e5 bxa5 25. Rd2 Nc5 26. Bc4 Ba6 27. Bxa6 Nxa6 28. Ra1 Rb7 29. Rxa5 Nc7 30. Ne4 Nb5 31. Nc5 Rc7 32. Ra1 Ra8 33. Rad1 Rac8 34. Rd7+ Kf8 35. Nxe6+ 1-0


[Site "https://www.chess.com"]

[Event "Titled Tuesday Blitz June 20 Late 2023"]
[White "Carrasco Miranda, Andres"]
[Black "Turayev, Shahruh"]
[WhiteFideId "3405990"]
[BlackFideId "14003856"]
[WhiteElo "2183"]
[BlackElo "2113"]
[Result "0-1"]
[Round "2"]
[TimeControl "180+2"]
[Date "2023.06.20"]
[WhiteClock "0:00:00"]
[BlackClock "0:00:05"]
[Board "72"]

1. d4 d5 2. c4 e6 3. g3 Nf6 4. Bg2 dxc4 5. Nf3 Nc6 6. Qa4 Nd5 7. Qxc4 Nb6 8. Qd3 Be7 9. O-O O-O 10. Nc3 e5 11. dxe5 Qxd3 12. exd3 Rd8 13. Rd1 Bg4 14. d4 Bxf3 15. Bxf3 Nxd4 16. Bxb7 Rab8 17. Be4 Nc4 18. Nd5 Bc5 19. b3 Nxe5 20. Bb2 Ndc6 21. Rac1 Bd6 22. f4 Ng4 23. Nxc7 Re8 24. Bxc6 Re2 25. Bf3 Rxb2 26. Bxg4 Bf8 27. Nd5 Rd8 28. Nf6+ gxf6 29. Rxd8 Kg7 30. h4 h6 31. Bf3 Bb4 32. Rd3 a5 0-1


[Site "https://www.chess.com"]

[Event "Titled Tuesday Blitz June 20 Late 2023"]
[White "Volkov, Maksim"]
[Black "Fernandez, Maria Florencia"]
[WhiteFideId "54123070"]
[BlackFideId "116459"]
[WhiteElo "2295"]
[BlackElo "2074"]
[Result "1-0"]
[Round "2"]
[TimeControl "180+2"]
[Date "2023.06.20"]
[WhiteClock "0:00:57"]
[BlackClock "0:00:00"]
[Board "73"]

1. d4 Nf6 2. c4 g6 3. g3 Bg7 4. Bg2 O-O 5. Nc3 d6 6. Nf3 Nc6 7. O-O Bf5 8. d5 Na5 9. b3 c5 10. dxc6 Nxc6 11. Bg5 h6 12. Be3 Ne4 13. Nxe4 Bxe4 14. Nd4 Bxg2 15. Kxg2 Nxd4 16. Bxd4 Bxd4 17. Qxd4 Qd7 18. Rad1 Qc6+ 19. f3 a5 20. Qe3 Kh7 21. Qxe7 Rae8 22. Qxd6 Rxe2+ 23. Rf2 Qe8 24. Rd2 Re1 25. h4 h5 26. Qc5 a4 27. bxa4 Kg7 28. Qb4 Qe6 29. Rd6 Qe3 30. Qd2 Ra8 31. Qb2+ Kh7 32. Rd7 Qe6 33. Rxb7 Rxa4 34. c5 Rc4 35. Qb3 Kh6 36. Rb6 Qd5 37. c6 Qd4 38. a3 Rcc1 39. Qb2 Rg1+ 40. Kh3 Rh1+ 41. Rh2 Rxh2+ 42. Qxh2 Qxb6 43. Qd2+ Kg7 44. Qxc1 Qc7 45. Qc3+ Kh7 46. a4 Qc8+ 47. Kg2 Qc7 48. a5 Qe7 49. c7 Qe2+ 50. Kg1 Qd1+ 51. Kf2 1-0


[Site "https://www.chess.com"]

[Event "Titled Tuesday Blitz June 20 Late 2023"]
[White "Lizak, Peter"]
[Black "Mazurkiewicz, Michal"]
[WhiteFideId "731595"]
[BlackFideId "1124943"]
[WhiteElo "2420"]
[BlackElo "2063"]
[Result "1-0"]
[Round "2"]
[TimeControl "180+2"]
[Date "2023.06.20"]
[WhiteClock "0:00:12"]
[BlackClock "0:00:01"]
[Board "74"]

1. d4 Nf6 2. Nc3 d5 3. Bf4 c6 4. e3 Qb6 5. Rb1 h6 6. Nf3 Bf5 7. Ne5 Nbd7 8. Bd3 Bxd3 9. cxd3 e6 10. O-O Nxe5 11. dxe5 Nd7 12. b4 a6 13. d4 Be7 14. a4 Bxb4 15. Na2 a5 16. Qg4 g5 17. Bg3 O-O-O 18. Qh5 Rdf8 19. Rfc1 Rhg8 20. h3 Rg6 21. f3 Rfg8 22. Be1 f6 23. Nxb4 axb4 24. Rxb4 Qa6 25. Bg3 f5 26. Rcb1 b6 27. e4 dxe4 28. fxe4 f4 29. Be1 g4 30. h4 f3 31. R4b2 g3 32. Qxf3 Rf8 33. Qxf8+ Nxf8 34. Rxb6 Qe2 35. Rb8+ Kc7 36. Rxf8 Qxe4 37. Rf7+ Kd8 38. Rb8# 1-0


[Site "https://www.chess.com"]

[Event "Titled Tuesday Blitz June 20 Late 2023"]
[White "Silva Lucena, Cristian"]
[Black "Danielyan, Vahe"]
[WhiteFideId "2232588"]
[BlackFideId "13304828"]
[WhiteElo "2223"]
[BlackElo "2423"]
[Result "0-1"]
[Round "2"]
[TimeControl "180+2"]
[Date "2023.06.20"]
[WhiteClock "0:01:57"]
[BlackClock "0:02:04"]
[Board "75"]

1. e4 e6 2. d4 d5 3. e5 c5 4. c3 Qa5 5. Nd2 Nc6 6. Ngf3 cxd4 7. cxd4 Nge7 8. a3 Nf5 9. b4 Bxb4 10. Bb2 Bc3 11. Bxc3 Qxc3 12. Bb5 O-O 13. Bxc6 bxc6 14. O-O Ba6 15. Re1 Nxd4 16. Re3 Nxf3+ 17. Nxf3 Qc5 18. Rc1 Qb6 19. Rb3 Qa5 20. Rxc6 Bc4 21. Re3 Rab8 22. h4 Rb2 23. h5 Qb5 24. Nd4 Rb1 25. Nxb5 Rxd1+ 26. Kh2 Bxb5 0-1


[Site "https://www.chess.com"]

[Event "Titled Tuesday Blitz June 20 Late 2023"]
[White "crosky"]
[Black "Bolourchifard, Farzad"]
[BlackFideId "12510084"]
[WhiteElo "2354"]
[BlackElo "2317"]
[Result "0-1"]
[Round "2"]
[TimeControl "180+2"]
[Date "2023.06.20"]
[WhiteClock "0:00:00"]
[BlackClock "0:00:18"]
[Board "76"]

1. d4 Nf6 2. c4 e6 3. Nc3 d5 4. cxd5 exd5 5. Bg5 c6 6. e3 Be7 7. Bd3 O-O 8. Qc2 Nbd7 9. Nge2 Re8 10. O-O Nf8 11. f3 Be6 12. Bh4 c5 13. Bf2 Rc8 14. Rad1 Qd7 15. Bb5 Qd8 16. Bxe8 Qxe8 17. dxc5 Bxc5 18. Nd4 a6 19. a4 Bb4 20. Qd3 Bxc3 21. bxc3 Qxa4 22. Rb1 N6d7 23. Nf5 Nc5 24. Ne7+ Kh8 25. Qd4 Rc7 26. Nxd5 Qxd4 27. cxd4 Bxd5 28. dxc5 Ne6 29. e4 Bc6 30. Rfd1 Bb5 31. Rd6 h6 32. Rc1 g5 33. Bd4+ Kh7 34. Be5 Rxc5 35. Rxc5 Nxc5 36. Bf6 Nd7 37. Bd4 a5 38. Rd5 Bc6 39. Rxa5 Nf8 40. Kf2 Ne6 41. Bf6 Kg6 42. Bc3 h5 43. h3 h4 44. Bd2 Bd7 45. Be3 Bc6 46. Ke1 Bd7 47. Ra8 Bb5 48. Rb8 Ba6 49. Kf2 Kg7 50. g3 hxg3+ 51. Kxg3 Kg6 52. Rg8+ Kh7 53. Re8 Ng7 54. Re7 Kg6 55. Rc7 Ne6 56. Rc8 Bb5 57. h4 gxh4+ 58. Kxh4 Be2 59. f4 Kf6 60. Bd2 b5 61. Bc3+ Ke7 62. Kg3 Kd7 63. Rb8 Nc5 64. Bd4 Nxe4+ 65. Kg2 Ke6 66. Rb6+ Kd5 67. Be3 Kc4 68. Rb7 Nd6 69. Rd7 Kd5 0-1


[Site "https://www.chess.com"]

[Event "Titled Tuesday Blitz June 20 Late 2023"]
[White "Maatman, Nick"]
[Black "Rodrigues, Bruno Morado"]
[WhiteFideId "1040391"]
[BlackFideId "2115654"]
[WhiteElo "2680"]
[BlackElo "2040"]
[Result "1-0"]
[Round "2"]
[TimeControl "180+2"]
[Date "2023.06.20"]
[WhiteClock "0:01:54"]
[BlackClock "0:01:17"]
[Board "77"]

1. d4 d5 2. c4 c6 3. Nf3 Nf6 4. g3 e6 5. Bg2 Nbd7 6. O-O Bd6 7. b3 O-O 8. Bb2 Qe7 9. Nbd2 e5 10. dxe5 Nxe5 11. cxd5 Nxd5 12. Nxe5 Bxe5 13. Bxe5 Qxe5 14. Nc4 Qh5 15. Bxd5 cxd5 16. Ne3 Be6 17. Re1 Rac8 18. Qd4 a6 19. Rad1 Rfd8 20. Rd2 Rd7 21. Red1 h6 22. Ng2 Qg5 23. h4 Qe7 24. Nf4 Rcd8 25. Nh5 Qf8 26. Rc1 Bg4 27. Qxg4 1-0


[Site "https://www.chess.com"]

[Event "Titled Tuesday Blitz June 20 Late 2023"]
[White "Blackburn, Jonathan L B"]
[Black "Timerkhanov, Alexander"]
[WhiteFideId "1801090"]
[BlackFideId "24177938"]
[WhiteElo "2178"]
[BlackElo "2278"]
[Result "0-1"]
[Round "2"]
[TimeControl "180+2"]
[Date "2023.06.20"]
[WhiteClock "0:01:03"]
[BlackClock "0:01:50"]
[Board "78"]

1. d4 d5 2. c4 dxc4 3. Nf3 a6 4. e3 b5 5. a4 c6 6. b3 cxb3 7. axb5 cxb5 8. Bxb5+ Bd7 9. Bc4 e6 10. Qxb3 Nc6 11. Rxa6 Rxa6 12. Bxa6 Qa5+ 13. Bd2 Qxa6 14. Nc3 Nf6 15. e4 Be7 16. Nb5 Qa1+ 17. Ke2 Qxh1 18. Nc7+ Kf8 19. d5 exd5 20. exd5 Nd8 21. Bb4 Bxb4 22. Qxb4+ Kg8 23. Qe7 h6 24. Qxd8+ Kh7 25. Qe7 Qc1 26. d6 Rb8 27. Qxf7 Rb2+ 28. Kd3 Bf5+ 29. Kd4 Rb4+ 30. Ke5 Qf4# 0-1


[Site "https://www.chess.com"]

[Event "Titled Tuesday Blitz June 20 Late 2023"]
[White "Lamard, Guillaume"]
[Black "Spichkin, Alexander"]
[WhiteFideId "600261"]
[BlackFideId "4144074"]
[WhiteElo "2413"]
[BlackElo "1986"]
[Result "1-0"]
[Round "2"]
[TimeControl "180+2"]
[Date "2023.06.20"]
[WhiteClock "0:00:27"]
[BlackClock "0:00:00"]
[Board "79"]

1. e4 e5 2. Nf3 d5 3. exd5 e4 4. Ne5 Qxd5 5. d4 exd3 6. Nxd3 Nc6 7. Nc3 Bb4 8. Bd2 Bxc3 9. Bxc3 Nf6 10. Qe2+ Be6 11. Nf4 Qd7 12. Rd1 Qe7 13. Nxe6 fxe6 14. g3 Nd5 15. Bh3 Nxc3 16. bxc3 Rd8 17. O-O e5 18. Qb5 O-O 19. Qxb7 Rd6 20. Bg2 Nd8 21. Qxa7 Ne6 22. a4 Rfd8 23. Rde1 Nf8 24. a5 Ng6 25. Qc5 Qf6 26. Qxc7 h6 27. c4 h5 28. Rb1 Rd4 29. Rb6 Qg5 30. a6 e4 31. h4 Nxh4 32. gxh4 Qg4 33. Qg3 Qf5 34. Rg6 R4d7 35. Rg5 Qf7 36. Bxe4 Qxc4 37. Bd3 Qd4 38. Re1 Rf8 39. Re3 Rdf7 40. Re2 Rf3 41. Rxg7+ Qxg7 42. Qxg7+ Kxg7 43. a7 Rxd3 44. cxd3 Ra8 45. Ra2 Kf6 46. Kg2 Ke5 47. Kf3 Kd4 48. Kf4 Kxd3 49. Kg5 Ke4 50. Ra5 Kf3 51. Kxh5 Kxf2 52. Kg6 Kg3 53. h5 Kh4 54. Ra4+ Kg3 55. h6 1-0


[Site "https://www.chess.com"]

[Event "Titled Tuesday Blitz June 20 Late 2023"]
[White "Dilmukhametov, Artur"]
[Black "Stoleriu, George"]
[WhiteFideId "24179922"]
[BlackFideId "1227505"]
[WhiteElo "2242"]
[BlackElo "2308"]
[Result "1-0"]
[Round "2"]
[TimeControl "180+2"]
[Date "2023.06.20"]
[WhiteClock "0:00:39"]
[BlackClock "0:01:02"]
[Board "80"]

1. e4 e6 2. d4 d5 3. Nd2 Be7 4. Bd3 c6 5. Ngf3 Nf6 6. e5 Nfd7 7. h4 c5 8. c3 Nc6 9. a3 Qb6 10. O-O cxd4 11. cxd4 Nxd4 12. Nxd4 Qxd4 13. Nf3 Qb6 14. b4 Qd8 15. h5 h6 16. Bf4 O-O 17. Rc1 f5 18. exf6 Rxf6 19. Bc7 Qf8 20. Bb1 Qf7 21. Qd3 Nf8 22. Be5 Rf5 23. Rc7 Bd7 24. Rxb7 Qxh5 25. Bg3 Bf6 26. Qa6 Rxf3 27. gxf3 Qxf3 28. Rxd7 h5 29. Rxa7 Rc8 30. Qxc8 h4 31. Ra8 hxg3 32. Qxf8# 1-0


[Site "https://www.chess.com"]

[Event "Titled Tuesday Blitz June 20 Late 2023"]
[White "Rastbod, Ali"]
[Black "Martinez, Ayelen"]
[WhiteFideId "12567477"]
[BlackFideId "118702"]
[WhiteElo "2281"]
[BlackElo "2074"]
[Result "1-0"]
[Round "2"]
[TimeControl "180+2"]
[Date "2023.06.20"]
[WhiteClock "0:00:17"]
[BlackClock "0:00:17"]
[Board "81"]

1. e4 c5 2. Nc3 a6 3. d4 cxd4 4. Qxd4 Nc6 5. Qe3 e5 6. Nf3 Nf6 7. Bc4 b5 8. Bb3 d6 9. Ng5 d5 10. Bxd5 Nxd5 11. exd5 Nb4 12. Qxe5+ Qe7 13. Qxe7+ Bxe7 14. O-O Nxc2 15. Rb1 Bf5 16. Bf4 O-O 17. d6 Bf6 18. Nd5 Nd4 19. Rbe1 Bd3 20. Nxf6+ gxf6 21. Ne4 Bxf1 22. Nxf6+ Kg7 23. Be5 Nc6 24. f4 Nxe5 25. fxe5 Bc4 26. b3 Be6 27. Kf2 Rac8 28. Ke3 Rc2 29. Kd4 Rfc8 30. Re3 Rxg2 31. h4 Rd2+ 32. Ke4 Rc5 33. Rg3+ Kh6 34. Rg5 Re2+ 35. Kd4 Rcc2 36. Ng8# 1-0


[Site "https://www.chess.com"]

[Event "Titled Tuesday Blitz June 20 Late 2023"]
[White "Martins, Bruno Andre Leite"]
[Black "Boder, Jan"]
[WhiteFideId "1942255"]
[BlackFideId "16243226"]
[WhiteElo "2241"]
[BlackElo "2241"]
[Result "1-0"]
[Round "2"]
[TimeControl "180+2"]
[Date "2023.06.20"]
[WhiteClock "0:00:06"]
[BlackClock "0:00:00"]
[Board "82"]

1. e4 c5 2. Nf3 Nc6 3. d4 cxd4 4. Nxd4 g6 5. c4 Nf6 6. Nc3 d6 7. f3 Nxd4 8. Qxd4 Bg7 9. Be3 O-O 10. Qd2 Be6 11. Rc1 a5 12. b3 Bd7 13. Be2 a4 14. b4 Be6 15. O-O a3 16. Rfd1 Nd7 17. Nb5 Nb6 18. c5 dxc5 19. Qe1 Qb8 20. Bxc5 Nc8 21. Rc2 b6 22. Bd4 Nd6 23. Bxg7 Kxg7 24. Nxd6 exd6 25. Qc3+ Kg8 26. Qd4 Rd8 27. Rcd2 Qc7 28. h4 h5 29. Qf6 Rac8 30. f4 Qc3 31. Qg5 Bg4 32. Bxg4 hxg4 33. f5 Qe5 34. Qxg4 Rc4 35. fxg6 f6 36. Rd5 Rxe4 37. Qh5 Qxh5 38. Rxh5 Rxb4 39. Rd2 Rb2 40. Rhd5 Rc8 41. Rxd6 Rcc2 42. Rxc2 Rxc2 43. Rxf6 Rxa2 44. Rxb6 Kg7 45. Kh2 Rb2 46. Ra6 a2 47. Kh3 Rb3+ 48. g3 Rb2 49. h5 Kh6 50. g4 Rc2 51. Ra7 Rb2 52. Kh4 Rh2+ 53. Kg3 Rb2 54. Kf4 Rb4+ 55. Kf5 Rb5+ 56. Kf6 Rb6+ 57. Kf7 Rb2 58. g7 Rf2+ 59. Kg8 Kg5 60. Kh8 a1=Q 61. Rxa1 Kh6 62. g8=Q Rf8 63. Qxf8+ Kg5 64. Qg7+ Kh4 65. Rh1+ Kg3 66. Qc3+ Kg2 67. Qh3+ Kf2 68. Rf1+ Ke2 69. Qf3+ 1-0


[Site "https://www.chess.com"]

[Event "Titled Tuesday Blitz June 20 Late 2023"]
[White "Barrionuevo, Pablo"]
[Black "Sun, Rick"]
[WhiteFideId "110566"]
[BlackFideId "30909481"]
[WhiteElo "2212"]
[BlackElo "2169"]
[Result "0-1"]
[Round "2"]
[TimeControl "180+2"]
[Date "2023.06.20"]
[WhiteClock "0:01:06"]
[BlackClock "0:01:05"]
[Board "83"]

1. d4 d6 2. Nf3 Nf6 3. Bg5 Nbd7 4. Nbd2 e5 5. e4 Be7 6. Bd3 c6 7. c3 Qc7 8. a4 Nf8 9. dxe5 dxe5 10. Nc4 Ng6 11. a5 Be6 12. Qc2 h6 13. Be3 O-O 14. h3 Rfd8 15. Be2 Qc8 16. Nfxe5 Nxe5 17. Nxe5 Qc7 18. Nf3 Nd7 19. Nd4 Ne5 20. Nxe6 fxe6 21. f4 Bh4+ 22. Kf1 Ng6 23. Qc1 Nxf4 24. Bxf4 Rf8 25. Kg1 Rxf4 26. Rh2 Bg3 27. Rh1 Bf2+ 0-1


[Site "https://www.chess.com"]

[Event "Titled Tuesday Blitz June 20 Late 2023"]
[White "Kopacz, Grzegorz"]
[Black "Jaracz, Pawel"]
[WhiteFideId "1109880"]
[BlackFideId "1102222"]
[WhiteElo "2037"]
[BlackElo "2454"]
[Result "0-1"]
[Round "2"]
[TimeControl "180+2"]
[Date "2023.06.20"]
[WhiteClock "0:00:05"]
[BlackClock "0:00:03"]
[Board "84"]

1. e4 e5 2. Nf3 Nc6 3. Bc4 Be7 4. d4 exd4 5. Nxd4 d6 6. O-O Nf6 7. Nc3 O-O 8. f3 Bd7 9. Kh1 Na5 10. Be2 c5 11. Nb3 Bc6 12. Nxa5 Qxa5 13. Bc4 b5 14. Bd5 Qc7 15. Bf4 b4 16. Bxc6 Qxc6 17. Nd5 Nxd5 18. exd5 Qd7 19. c4 bxc3 20. bxc3 Bf6 21. Rc1 Rab8 22. Qd2 Rb6 23. Rb1 Rfb8 24. Rxb6 Rxb6 25. Re1 h6 26. h3 Be7 27. Re4 Bf8 28. Qf2 Qb7 29. Qg3 Rb1+ 30. Kh2 Qxd5 31. Bxh6 Qd1 32. Qg4 Qh1+ 33. Kg3 Rg1 34. Re2 Re1 35. Rb2 Re6 36. Bf4 Rg6 37. Bg5 f6 38. Qe6+ Kh7 39. Qf5 Qe1+ 40. Kh2 Qxc3 41. Re2 fxg5 42. Qxf8 Qf6 43. Qxf6 gxf6 44. Re8 Rg7 45. Ra8 Rd7 46. Re8 Kg7 47. Re6 Kf7 48. Re2 d5 49. Kg1 d4 50. Kf2 c4 51. Ke1 c3 52. Rc2 Ke6 53. Kd1 Kd5 54. g3 Kc4 55. h4 gxh4 56. gxh4 Rb7 57. Ke2 Rb2 0-1


[Site "https://www.chess.com"]

[Event "Titled Tuesday Blitz June 20 Late 2023"]
[White "Taranenko, Evgueniy"]
[Black "Katz, Alexander"]
[WhiteFideId "14122138"]
[BlackFideId "2039796"]
[WhiteElo "2101"]
[BlackElo "2389"]
[Result "0-1"]
[Round "2"]
[TimeControl "180+2"]
[Date "2023.06.20"]
[WhiteClock "0:00:05"]
[BlackClock "0:00:20"]
[Board "85"]

1. e4 c6 2. d4 d5 3. e5 Bf5 4. Nc3 e6 5. g4 Bg6 6. Nge2 c5 7. h4 h6 8. h5 Bh7 9. Be3 Nc6 10. f4 Qb6 11. Na4 Qa5+ 12. c3 Be4 13. Rg1 cxd4 14. Nxd4 Be7 15. b4 Qc7 16. Bd3 Bh4+ 17. Ke2 Bxd3+ 18. Qxd3 a6 19. Nb6 Qxb6 20. Nxe6 d4 21. Nxd4 Nxd4+ 22. Bxd4 Qc6 23. e6 Qxe6+ 24. Kd2 O-O-O 25. Kc2 Bf6 26. Rge1 Qxg4 27. Qc4+ Kb8 28. Bb6 Qf5+ 29. Kb3 Rc8 30. Bc5 Ne7 31. Qxf7 Qd5+ 32. Qxd5 Nxd5 33. Rad1 Nxc3 34. Rd7 Rhd8 35. Rf7 Rd3 36. Kc2 Rf3 37. Kd2 Nd5 38. Re4 Rd8 39. Ke1 Rxf4 40. Re6 Bc3+ 41. Ke2 Rxf7 42. Bb6 Nf4+ 0-1


[Site "https://www.chess.com"]

[Event "Titled Tuesday Blitz June 20 Late 2023"]
[White "Salimova, Nurgyul"]
[Black "Quirke, Jeffrey"]
[WhiteFideId "2915138"]
[BlackFideId "2013029"]
[WhiteElo "2343"]
[BlackElo "2213"]
[Result "1-0"]
[Round "2"]
[TimeControl "180+2"]
[Date "2023.06.20"]
[WhiteClock "0:00:36"]
[BlackClock "0:00:16"]
[Board "86"]

1. d4 e6 2. Nf3 c5 3. c3 Nf6 4. Bg5 Be7 5. e3 b6 6. Nbd2 Bb7 7. Bd3 d6 8. Qe2 O-O 9. h4 cxd4 10. exd4 Nc6 11. h5 h6 12. Bxf6 Bxf6 13. Qe4 Re8 14. Qh7+ Kf8 15. Ne4 d5 16. Nxf6 Qxf6 17. Bb5 Rec8 18. Bxc6 Bxc6 19. Ne5 Bb5 20. Rh3 Qf5 21. Qxf5 exf5 22. Rf3 f6 23. Ng6+ Kf7 24. Kd2 Re8 25. Nf4 Re4 26. g3 Rae8 27. a4 Bc6 28. Re3 a5 29. b3 R8e7 30. Rae1 Rxe3 31. Rxe3 Rxe3 32. Kxe3 Ke7 33. Ng2 Kd6 34. Kf4 Be8 35. Ne3 Bxh5 36. Nxf5+ Kc6 37. g4 Bg6 38. Ne7+ 1-0


[Site "https://www.chess.com"]

[Event "Titled Tuesday Blitz June 20 Late 2023"]
[White "Calhoun, Luke"]
[Black "Amburgy, Ryan"]
[WhiteFideId "2064421"]
[BlackFideId "30924820"]
[WhiteElo "2255"]
[BlackElo "2134"]
[Result "0-1"]
[Round "2"]
[TimeControl "180+2"]
[Date "2023.06.20"]
[WhiteClock "0:00:31"]
[BlackClock "0:00:55"]
[Board "87"]

1. Nf3 d5 2. g3 g6 3. Bg2 Bg7 4. O-O Nf6 5. b3 c5 6. Bb2 O-O 7. c4 d4 8. b4 a5 9. bxc5 Nc6 10. d3 e5 11. Na3 Nd7 12. Nb5 Nxc5 13. Ba3 Nb4 14. Rb1 Bd7 15. Bxb4 axb4 16. Rxb4 Rxa2 17. Nd6 Bc6 18. Nb5 Qa5 19. Rb1 Na4 20. Ra1 Nc3 21. Rxa2 Qxa2 22. Nxc3 dxc3 23. Qa1 Qxe2 24. Qd1 Qxd1 25. Rxd1 e4 26. Ne1 Rd8 27. Bf1 Ba4 28. Ra1 c2 29. Rc1 Bh6 30. Rxc2 Bxc2 31. Nxc2 exd3 32. Ne3 Bxe3 0-1


[Site "https://www.chess.com"]

[Event "Titled Tuesday Blitz June 20 Late 2023"]
[White "Sai Krishna G V"]
[Black "zano2023"]
[WhiteFideId "5028280"]
[WhiteElo "2359"]
[BlackElo "2193"]
[Result "1/2-1/2"]
[Round "2"]
[TimeControl "180+2"]
[Date "2023.06.20"]
[WhiteClock "0:00:09"]
[BlackClock "0:00:17"]
[Board "88"]

1. e4 e5 2. Nf3 d6 3. d4 f5 4. exf5 e4 5. Ng5 Bxf5 6. g4 Bd7 7. Nxe4 Qe7 8. Qe2 Bc6 9. Nbc3 Nf6 10. Nxf6+ gxf6 11. d5 Bd7 12. Be3 Na6 13. O-O-O Rg8 14. h3 Nc5 15. Bxc5 Qxe2 16. Bxe2 dxc5 17. Ne4 Be7 18. Bc4 Rg7 19. Rhe1 O-O-O 20. d6 cxd6 21. Nxd6+ Bxd6 22. Rxd6 f5 23. gxf5 Bxf5 24. Rxd8+ Kxd8 25. Re5 Bxh3 26. Rxc5 b6 27. Rd5+ Kc7 28. Bd3 Be6 29. Rh5 Bg8 30. Kd2 Re7 31. f4 Kd6 32. Rh6+ Kc7 33. f5 a5 34. f6 Rd7 35. Ke3 a4 36. Kf4 Bxa2 37. Rxh7 Rxh7 38. Bxh7 Kd6 39. Ke4 b5 40. Kd4 b4 41. Bd3 b3 42. c4 a3 43. Kc3 axb2 44. Kxb2 Ke6 45. c5 Kxf6 46. c6 Ke6 47. Bf5+ Kd6 48. Bd7 Kc7 49. Be8 Kd6 50. Kc3 Kc7 51. Kb2 Kd6 52. Ka3 Kc7 53. Bf7 Kd6 54. Bxb3 Kxc6 1/2-1/2


[Site "https://www.chess.com"]

[Event "Titled Tuesday Blitz June 20 Late 2023"]
[White "Grabs, Peter"]
[Black "Papasimakopoulos, Alexandros"]
[WhiteFideId "16203887"]
[BlackFideId "4244125"]
[WhiteElo "1672"]
[BlackElo "2359"]
[Result "0-1"]
[Round "2"]
[TimeControl "180+2"]
[Date "2023.06.20"]
[WhiteClock "0:00:39"]
[BlackClock "0:01:10"]
[Board "89"]

1. e4 e6 2. d4 d5 3. exd5 exd5 4. Bd3 Nc6 5. c3 Bd6 6. Ne2 Qh4 7. Nd2 Bg4 8. h3 O-O-O 9. Qc2 Nh6 10. Nf3 Bxf3 11. gxf3 Ne7 12. Bxh6 Qxh6 13. Qd2 Qh5 14. f4 Qh4 15. a4 Ng6 16. f5 Nf4 17. Nxf4 Bxf4 18. Qc2 Rhe8+ 19. Be2 Re4 20. Kf1 Bg5 21. Bd3 Rf4 22. Re1 Rf3 23. a5 Rxh3 24. Rxh3 Qxh3+ 25. Ke2 Qh5+ 26. Kf1 Qh1+ 27. Ke2 Re8+ 28. Be4 Rxe4+ 29. Qxe4 Qxe4+ 30. Kf1 Qxe1+ 0-1


[Site "https://www.chess.com"]

[Event "Titled Tuesday Blitz June 20 Late 2023"]
[White "Sailer, Mike"]
[Black "Firouzja, Alireza"]
[WhiteFideId "2012901"]
[BlackFideId "12573981"]
[WhiteElo "2109"]
[BlackElo "2896"]
[Result "0-1"]
[Round "2"]
[TimeControl "180+2"]
[Date "2023.06.20"]
[WhiteClock "0:01:05"]
[BlackClock "0:02:09"]
[Board "90"]

1. d4 g6 2. Nc3 Bg7 3. e4 d6 4. Be3 a6 5. Qd2 b5 6. a3 Bb7 7. f3 Nd7 8. Nge2 c5 9. d5 Ngf6 10. g3 Ne5 11. Bg2 Nc4 12. Qc1 Nxe3 13. Qxe3 O-O 14. O-O Re8 15. Kh1 e6 16. dxe6 Rxe6 17. Rad1 Qe7 18. Nf4 Bh6 19. Bh3 Re5 20. Qf2 Bxf4 21. gxf4 Rh5 22. Bg2 Rh6 23. Qd2 Nh5 24. Kg1 Qh4 25. h3 Nxf4 26. Qxd6 Qg3 0-1


[Site "https://www.chess.com"]

[Event "Titled Tuesday Blitz June 20 Late 2023"]
[White "Svane, Rasmus"]
[Black "ElDivis"]
[WhiteFideId "4657101"]
[WhiteElo "2601"]
[BlackElo "2529"]
[Result "1-0"]
[Round "2"]
[TimeControl "180+2"]
[Date "2023.06.20"]
[WhiteClock "0:01:00"]
[BlackClock "0:00:07"]
[Board "91"]

1. Nf3 d5 2. g3 Nf6 3. Bg2 g6 4. c4 d4 5. b4 a5 6. Bb2 axb4 7. Nxd4 Bg7 8. Nb3 O-O 9. O-O c6 10. a3 bxa3 11. Rxa3 Rxa3 12. Nxa3 Na6 13. d3 Bg4 14. Nc2 Qd7 15. Na5 Bh3 16. Qb1 Bxg2 17. Kxg2 b5 18. Rc1 bxc4 19. Nxc4 Rb8 20. Qa2 Nc5 21. Be5 Rd8 22. N2e3 Nd5 23. Bxg7 Kxg7 24. Qa3 Nxe3+ 25. Nxe3 Ne6 26. Qc3+ Kg8 27. Rc2 Nd4 28. Rb2 Qe6 29. Qc4 Qxc4 30. Nxc4 c5 31. Kf1 Ra8 32. e3 Ne6 33. Ke2 h5 34. f4 Kg7 35. h3 Kf6 36. Ne5 g5 37. Rc2 gxf4 38. gxf4 Ra7 39. Kf3 Ra3 40. Rg2 Rb3 41. Rg8 Rc3 42. Rh8 Ng7 43. Rh6+ Kf5 44. e4# 1-0


[Site "https://www.chess.com"]

[Event "Titled Tuesday Blitz June 20 Late 2023"]
[White "Zaitsev, Alexander"]
[Black "Michalik, Peter"]
[WhiteFideId "4164490"]
[BlackFideId "14907526"]
[WhiteElo "2373"]
[BlackElo "2585"]
[Result "0-1"]
[Round "2"]
[TimeControl "180+2"]
[Date "2023.06.20"]
[WhiteClock "0:00:00"]
[BlackClock "0:00:45"]
[Board "92"]

1. e4 e5 2. Nc3 Nc6 3. Bc4 Nf6 4. d3 Na5 5. Qf3 Nxc4 6. dxc4 d6 7. h3 Be7 8. Nge2 O-O 9. O-O c6 10. b3 Be6 11. Rd1 Qc7 12. Ng3 g6 13. Bh6 Rfe8 14. Nf5 Bxf5 15. exf5 Rad8 16. Bg5 e4 17. Qf4 Nh5 18. Qh4 Bxg5 19. Qxg5 Re5 20. Qh4 Rde8 21. fxg6 hxg6 22. Rd2 Qa5 23. Nb1 e3 24. fxe3 Rxe3 25. Qd4 Re1+ 26. Kh2 Qg5 27. Qxd6 Nf6 28. Qd4 R8e4 29. Qf2 Qe5+ 0-1


[Site "https://www.chess.com"]